 Dungeon Crawl Stone Soup version 0.29.1-1-gd02db6906a (webtiles) character file.

Game seed: 3818368717255472858

23 LustLizard the Trooper (level 2, 24/24 HPs)
             Began as a Demonspawn Fighter on Oct 5, 2022.
             Quit the game on level 1 of the Dungeon.
             The game lasted 00:01:12 (916 turns).

LustLizard the Trooper (Demonspawn Fighter)          Turns: 916, Time: 00:01:13

Health: 24/24      AC:  6    Str: 16    XL:     2   Next: 72%
Magic:  2/2        EV:  8    Int:  9    God:
Gold:   49         SH:  4    Dex: 12    Spells: 1/1 levels left

rFire   . . .      SeeInvis .   a - +0 long sword
rCold   . . .      Faith    .   c - +0 buckler
rNeg    . . .      Spirit   .   b - +0 scale mail
rPois   .          Reflect  .   (no helmet)
rElec   .          Harm     .   (no cloak)
rCorr   .          Rampage  .   (no gloves)
Will    .....                   (no boots)
Stlth   ..........              (no amulet)
HPRegen 0.08/turn               (no ring)
MPRegen 0.08/turn               (no ring)

@: no status effects
A: hooves 1
a: no special abilities


You were on level 1 of the Dungeon.
You visited 1 branch of the dungeon, and saw 1 of its levels.

You collected 49 gold pieces.

Inventory:

Hand Weapons
 a - a +0 long sword (weapon)
Missiles
 e - 3 javelins (quivered)
 h - 22 stones
Armour
 b - a +0 scale mail (worn)
 c - a +0 buckler (worn)
Potions
 d - a potion of might
 f - a potion of degeneration
 i - a potion of brilliance {unknown}
 j - a potion of heal wounds {unknown}
 l - a potion of mutation {unknown}


   Skills:
 + Level 3.2 Fighting
 * Level 2.3 Long Blades
 * Level 1.2 Throwing
 - Level 2.6 Armour
 - Level 2.6 Shields


You had one spell level left.
You didn't know any spells.
Your spell library contained the following spells:

 Spells                   Type           Power      Damage    Failure   Level
 Sandblast                Erth           0%         2d4       89%         1
 Passwall                 Tmut/Erth      0%         N/A       96%         2
 Stone Arrow              Conj/Erth      0%         3d7       99%         3


Dungeon Overview and Level Annotations

Branches:
Dungeon (1/15)

Altars:


Innate Abilities, Weirdness & Mutations

You have large cloven feet.


Message History

The goblin barely misses you.
You completely miss the goblin. You kick the goblin, but do no damage.
The goblin hits you but does no damage. The goblin hits you with a +0 club.
You miss the goblin. Your kick misses the goblin. The goblin barely misses you.
You slash the goblin!
You kill the goblin!
No target in view!
No target in view!
A bat comes into view.
A bat is nearby!
The bat closely misses you.
You closely miss the bat. The bat hits you.
You barely miss the bat. The bat barely misses you.
You hit the bat but do no damage. You kick the bat.
The bat is moderately wounded.
The bat barely misses you. The bat hits you but does no damage.
You slash the bat!
You kill the bat!
No target in view!
No target in view!
You see here a bat corpse.
A rat comes into view.
A rat is nearby!
You hit the rat.
You kill the rat!
No target in view!
No target in view!
You see here a rat corpse.
You see here a rat corpse.
h - 22 stones (gained 5) Done exploring.
Done exploring.
There is a stone staircase leading down here.
As you read the scroll labelled RUDUW CUEWAUSCH, it crumbles to dust.
It is a scroll of identify.
f - a potion of degeneration The air fills with toxic fumes!
As you read the scroll labelled WOLLETWU ASIM, it crumbles to dust.
It was a scroll of poison.
Are you sure you want to abandon this character and quit the game? (Confirm with "yes".)

.# #.#..##.#####.####.# .#
#.#..##.# #)# #.# .#
#.#..##.# #.# #†# .#
#.#..##.### #.# #.# .#
##.#..##.§§# #.####.# .#
#..#..####§# #.#....# .#
##.##..# #§# #.#.####
.#####.#.#..# #§# #.#.#
##....###...####@###.#.#
...###.#.#§§§§§§§§§§§#.#
##.####.####§###§###§#.#
##.###.####.#.§§###.#.#
#........#.#.§§§.....####
##.###.......§#####......#
##.## ####.#..§..#
######.# ..##
#.#.###.##### #.# ..#
##...# #.....# #.####


There were no monsters in sight!

Vanquished Creatures
  A dart slug (D:1)
  4 bats (D:1)
  3 endoplasms (D:1)
  5 goblins (D:1)
  2 hobgoblins (D:1)
  A ball python (D:1)
  A kobold (D:1)
  A rat (D:1)
18 creatures vanquished.

Notes
Turn   | Place    | Note
-------+----------+-------------------------------------------
     0 | D:1      | LustLizard the Demonspawn Fighter began the quest for the
                  | Orb.
     0 | D:1      | Reached XP level 1. HP: 18/18 MP: 1/1
   125 | D:1      | Found a faded altar of an unknown god.
   370 | D:1      | Gained mutation: You have large cloven feet. [demonic
                  | ancestry]
   370 | D:1      | Reached XP level 2. HP: 24/24 MP: 2/2
   441 | D:1      | Reached skill level 1 in Throwing
   916 | D:1      | Quit the game

Illustrated notes

Levels and vault maps discovered:
D:1:      psy_arrival_dodecagon, layout_loops_ring, basic_ecumenical_altar

Skill      XL: |  1  2 |
---------------+-------+-----
Long Blades    | 2 |  2.3
Throwing       | 1 |  1.2
Fighting       | |  3.2
Armour         | |  2.6
Shields        | |  2.6

Action                   || total
-------------------------++-------
Melee: Long sword        ||    54
       Kick              ||     9
  Use: Scroll            ||     2
Armor: Scale mail        ||    30
Dodge: Dodged            ||    22
Block: Buckler           ||    13
